 Dungeon Sprint DCSS version 0.32-a0-932-g546787307d (webtiles) character file.

Game seed: 10586925774809229392

1121 Conn the Destroyer (level 8, -6/57 HPs)
             Began as an Octopode Fire Elementalist on Apr 14, 2024.
             Was a High Priest of Sif Muna.
             Mangled by a death knight
             ... wielding a +0 battleaxe
              (24 damage)
             ... in the Dungeon (Sprint VII: "The Pits").
             The game lasted 00:09:18 (1058 turns).

Conn the Destroyer (Octopode Fire Elementalist)     Turns: 1058, Time: 00:09:22

Health: -6/57      AC:  1    Str:  7    XL:     8   Next: 34%
Magic:  6/20       EV: 14    Int: 20    God:    Sif Muna [*****.]
Gold:   0          SH:  0    Dex: 12    Spells: 2/23 levels left

rFire   . . .        l - +1 flail (protect)
rCold   . . .        (no shield)
rNeg    . . .        (helmet restricted)
rPois   .            (no amulet)
rElec   .            (no ring)
rCorr   .            (no ring)
SInv    .            (no ring)
Will    .....        (no ring)
Stlth   ++++         (no ring)
HPRegen 0.29/turn    (no ring)
MPRegen 0.17/turn    (no ring)
                     (no ring)

%: no teleportation
@: slightly contaminated
A: almost no armour, amphibious, 8 rings, camouflage 1, gelatinous body 1,
(nimble swimmer 1), tentacles
a: Renounce Religion, Channel Magic, Forget Spell, Divine Exegesis


You were in the Dungeon.
You worshipped Sif Muna.
Sif Muna was extremely pleased with you.
You visited 1 branch

Inventory:

Hand Weapons
 g - a +2 falchion
 l - a +1 flail of protection (weapon)
Scrolls
 i - 2 scrolls of vulnerability
 j - 5 scrolls of amnesia
 k - a scroll of butterflies
Potions
 a - 5 potions of magic
 b - 6 potions of curing
 c - 4 potions of heal wounds
 d - a potion of haste
 e - 3 potions of berserk rage
 h - a potion of invisibility


   Skills:
 + Level 6.1 Fighting
 + Level 6.4 Dodging
 - Level 6.0 Stealth
 * Level 8.1 Spellcasting
 * Level 8.5 Conjurations
 - Level 3.0 Hexes
 + Level 7.0 Fire Magic
 + Level 0.0 Air Magic
 + Level 0.0 Earth Magic
 + Level 6.3 Invocations


You had 2 spell levels left.
You knew the following spells:

 Your Spells              Type           Power      Damage    Failure   Level
a - Foxfire               Conj/Fire      100%       2x1d9     1%          1
b - Scorch                Fire           72%        2d8       1%          2
c - Inner Flame           Hex/Fire       28%        N/A       3%          3
d - Flame Wave            Conj/Fire      39%        2d11      3%          4
e - Static Discharge      Conj/Air       50%        3-6/arc   2%          2
f - Stone Arrow           Conj/Erth      50%        3d10      4%          3
g - Starburst             Conj/Fire      19%        6d7       45%         6

Your spell library contained the following spells:

 Spells                   Type           Power      Damage    Failure   Level
 Volatile Blastmotes      Fire/Tloc      44%        2d13      6%          3
 Ignite Poison            Fire/Alch      22%        N/A       21%         4


Dungeon Overview and Level Annotations

Branches:
Dungeon (1/1)

Altars:
Ashenzari
Cheibriados
Dithmenos
Elyvilon
Fedhas
Gozag
Hepliaklqana
Kikubaaqudgha
Makhleb
Nemelex Xobeh
Okawaru
Qazlal
Ru
Sif Muna
Trog
Uskayaw
Vehumet
Wu Jian
Xom
Yredelemnul
Zin
The Shining One
Beogh
Jiyva
Lugonu


Innate Abilities, Weirdness & Mutations

You cannot wear most types of armour.
You are amphibious.
You can wear up to eight rings at the same time.
Your skin changes colour to match your surroundings (Stealth+).
Your rubbery body absorbs attacks. (AC +1, EV +1)
((You are camouflaged when in or above water. (Stealth+)))
You have tentacles for arms and can constrict up to eight enemies at once.


Message History

You see here a +0 spear.
Things that are here:
a +1 spectral club; a +2 robe of willpower
Okay, then.
Casting: Flame Wave (dangerous; 3% risk of failure)
Confirm with . or Enter, or press ? or * to list all spells.
Okay, then.
You open the door.
There is an open door here.
You open the door.
There is an open door here.
There is an open door here.
The death knight shouts!
Casting: Flame Wave (dangerous; 3% risk of failure)
Confirm with . or Enter, or press ? or * to list all spells.
Okay, then.
Unknown command.
Unknown command.
Casting: Flame Wave (dangerous; 3% risk of failure)
Confirm with . or Enter, or press ? or * to list all spells.
Flames lash the death knight.
The death knight is lightly wounded.
The death knight's fire resistance burns away.
Casting: Scorch (safe; 1% risk of failure)
Confirm with . or Enter, or press ? or * to list all spells.
Casting: Starburst (extremely dangerous; 45% risk of failure)
Press: ? - help, Dir - look around, f - activate You miscast Starburst.
You are very lightly contaminated with residual magic.
Heat runs through your body!!
The death knight offers itself to Yredelemnul, and fills with unholy energy.
Casting: Starburst (extremely dangerous; 45% risk of failure)
Confirm with . or Enter, or press ? or * to list all spells.
Casting: Starburst (extremely dangerous; 45% risk of failure)
Press: ? - help, Dir - look around, f - activate You miscast Starburst.
You are lightly contaminated with residual magic.
You are caught in a fiery explosion!!
The death knight hits you with a +0 battleaxe!!
You die...

#.#.....#..##.......#
#.####'##'###...<...#
#.#........##.......#
#.#........##.......#
#'###########.......#
#.......#.)##########
#)###...#.######
#.#.....#รท#....#
#.#...#@#'#....#
#.....#p#.'....+
#...###.#)#....#
#.......'.#....#
################


You could see a death knight (reflects damage, combustible).

Vanquished Creatures
  A cane toad (D)
  A glass eye (D)
  A spriggan (D)
  A black bear (D)
  2 brain worms (D)
  A bullfrog (D)
  A gnoll sergeant (D)
  Terence (D)
  Jessica (D)
  An iguana (D)
  5 gnolls (D)
  A ribbon worm (D)
  A bat zombie (D)
  An endoplasm (D)
  A giant cockroach (D)
  A goblin (D)
  2 hobgoblins (D)
  3 jackals (D)
  A quokka (D)
  A ball python (D)
  A quokka skeleton (D)
  A quokka zombie (D)
30 creatures vanquished.

Vanquished Creatures (others)
  41 foxfires (D)
41 creatures vanquished.

Grand Total: 71 creatures vanquished

Notes
Turn   | Place    | Note
-------+----------+-------------------------------------------
     0 | D        | Conn the Octopode Fire Elementalist began the quest for the
                  | Orb.
     0 | D        | Reached XP level 1. HP: 11/11 MP: 3/3
    46 | D        | Found a bloodstained altar of Trog.
    46 | D        | Found a shimmering blue altar of Sif Muna.
    46 | D        | Found a viscous altar of Jiyva.
    46 | D        | Found a hazy altar of Hepliaklqana.
    46 | D        | Found an opulent altar of Gozag.
    47 | D        | Found a glowing golden altar of the Shining One.
    47 | D        | Found a glowing silver altar of Zin.
    47 | D        | Found a basalt altar of Yredelemnul.
    47 | D        | Found a shimmering altar of Xom.
    47 | D        | Found an ornate altar of the Wu Jian Council.
    47 | D        | Found a sacrificial altar of Ru.
    47 | D        | Found a stormy altar of Qazlal.
    47 | D        | Found an iron altar of Okawaru.
    47 | D        | Found a sparkling altar of Nemelex Xobeh.
    47 | D        | Found a burning altar of Makhleb.
    47 | D        | Found a blossoming altar of Fedhas.
    47 | D        | Found a white marble altar of Elyvilon.
    47 | D        | Found a shadowy altar of Dithmenos.
    47 | D        | Found a snail-covered altar of Cheibriados.
    49 | D        | Found a corrupted altar of Lugonu.
    49 | D        | Found a radiant altar of Vehumet.
    49 | D        | Found a roughly hewn altar of Beogh.
    50 | D        | Found an ancient bone altar of Kikubaaqudgha.
    50 | D        | Found a hide-covered altar of Uskayaw.
    50 | D        | Found a broken altar of Ashenzari.
    51 | D        | Became a worshipper of Sif Muna the Loreminder
    87 | D        | Reached * piety under Sif Muna
   121 | D        | Noticed a glass eye
   130 | D        | Killed a glass eye
   131 | D        | Reached skill level 5 in Stealth
   131 | D        | Reached skill level 5 in Spellcasting
   131 | D        | Reached skill level 5 in Conjurations
   131 | D        | Reached skill level 5 in Fire Magic
   131 | D        | Reached XP level 2. HP: 21/21 MP: 0/8
   131 | D        | Reached XP level 3. HP: 26/26 MP: 0/9
   131 | D        | Reached XP level 4. HP: 31/31 MP: 0/11
   131 | D        | Reached XP level 5. HP: 36/36 MP: 0/12
   138 | D        | Learned a level 2 spell: Scorch
   142 | D        | Learned a level 3 spell: Inner Flame
   147 | D        | Learned a level 4 spell: Flame Wave
   225 | D        | Reached ** piety under Sif Muna
   295 | D        | Reached *** piety under Sif Muna
   357 | D        | HP: 1/36 [gnoll sergeant/+2 spear of freezing (3)]
   357 | D        | Reached **** piety under Sif Muna
   358 | D        | Reached skill level 1 in Hexes
   358 | D        | Reached XP level 6. HP: 1/43 MP: 4/14
   361 | D        | Noticed a black bear
   372 | D        | Killed a black bear
   373 | D        | Reached skill level 5 in Dodging
   522 | D        | Noticed Jessica
   526 | D        | Killed Jessica
   584 | D        | Reached ***** piety under Sif Muna
   585 | D        | Reached skill level 5 in Invocations
   585 | D        | Reached XP level 7. HP: 49/49 MP: 16/16
   603 | D        | Reached skill level 5 in Fighting
   675 | D        | Noticed a spriggan
   679 | D        | Killed a spriggan
   730 | D        | Noticed Terence
   732 | D        | Received a gift from Sif Muna
   735 | D        | Killed Terence
   738 | D        | Got Roabb's Codex of the Alkahest and Violence {god gift}
   742 | D        | Learned a level 2 spell: Static Discharge
   746 | D        | Learned a level 3 spell: Stone Arrow
   753 | D        | Learned a level 6 spell: Starburst
   783 | D        | Noticed a cane toad
   785 | D        | Killed a cane toad
   786 | D        | Reached XP level 8. HP: 57/57 MP: 14/20
   786 | D        | Noticed a death knight
   793 | D        | HP: 1/57 [death knight/+0 battleaxe (27)]
  1058 | D        | Mangled by a death knight

Illustrated notes

Levels and vault maps discovered:
D:        pitsprint [storerooms_1, entrance_room_1, metal_vault_2, armoury_2,
          mini_pit_1, grid_room_1, main_hall_1, silver_pit, the_coven_3,
          the_vestibule_1, steel_vault_2, golden_pit, hallway_of_sentries,
          crystal_vault_6, iron_vault_2, final_vault]

Skill      XL: |  1  2  3  4  5  6  7 |
---------------+----------------------+-----
Stealth        | 5 6 |  6.0
Fighting       | 3 4 6 |  6.1
Dodging        | 4 5 6 |  6.4
Spellcasting   | 5 6 8 |  8.1
Conjurations   | 5 6 8 |  8.5
Fire Magic     | 5 6 7 |  7.0
Invocations    | 3 4 5 6 |  6.3
Hexes          | 1 2 3 |  3.0

Action                     |  1- 3 |  4- 6 |  7- 9 || total
---------------------------+-------+-------+-------++-------
  Melee: Falchion          |    13 |     3 |       ||    16
         Constrict         |     3 |     3 |       ||     6
         Tentacles         |     3 |     2 |     1 ||     6
         Unarmed           |     1 |       |       ||     1
         Flail             |       |     3 |     1 ||     4
   Cast: Foxfire           |     7 |    16 |       ||    23
         Inner Flame       |       |     9 |     3 ||    12
         Scorch            |       |     7 |     8 ||    15
         Flame Wave        |       |       |     2 ||     2
 Invoke: Channel Magic     |       |     2 |       ||     2
    Use: Potion            |       |     1 |     2 ||     3
         Scroll            |       |       |     1 ||     1
   Stab: Sleeping          |     1 |       |     1 ||     2
 Armour: Skin              |     2 |    10 |     6 ||    18
  Dodge: Dodged            |     6 |     8 |     1 ||    15

Table legend: (Time is in decaauts)
 A = Elapsed time spent in this place.
 B = Non-inter-level travel time spent in this place.
 C = Inter-level travel time spent in this place.
 D = Time resting spent in this place.
 E = Time spent auto-exploring this place.
 F = Levels seen in this place.
 G = Mean time per level.
                   A        B        C        D        E       F      G
               +--------+--------+--------+--------+--------+-----+--------+
         Total |   1063 |   1063 |      0 |    560 |      0 |   1 | 1063.0 |
       Dungeon |   1063 |   1063 |      0 |    560 |      0 |   1 | 1063.0 |
               +--------+--------+--------+--------+--------+-----+--------+

Top non-repeatable levels by time:
       D: 1063 daAuts
